Map: Bridgehead LE (Void)

Players

Asparagus

  • Race: Terran Terran
  • League: Grandmaster

wabbajack - Winner!

  • Race: Zerg Zerg
  • League: Gold

VOD

Have the link to the VOD?

Description

Time

  • Played on: July 21, 2015, 11:59 p.m.
  • Length: 5:15
Show
View Real Time Build Order
Export as new Build Order

Asparagus Terran 

Build Orders:  

Get SALT Encoding   

  12  0:01  SCV  
  13  0:15  SCV  
  14  0:22  Supply Depot  
  14  0:27  SCV  
  15  0:44  SCV  
  15  0:46  Barracks  
  16  0:56  SCV  
  17  1:08  SCV  
  18  1:15  Refinery  
  18  1:20  SCV  
  19  1:31  Command Center  
  19  1:36  Supply Depot  
  19  1:40  Orbital Command  
  19  1:44  Marine  
  20  2:01  Marine  
  20  2:05  Barracks  
  20  2:07  SCV  
  22  2:19  SCV, Marine  
  24  2:24  Factory  
  24  2:26  Refinery  
  24  2:31  SCV  
  25  2:37  Marine  
  25  2:40  Supply Depot  
  26  2:44  SCV  
  26  2:50  Orbital Command  
  27  2:55  Barracks Reactor  
  27  2:56  SCV  
  28  2:59  Marine  
  29  3:08  SCV  
  30  3:13  Starport  
  30  3:18  Factory Reactor  
  30  3:20  SCV x2  
  32  3:32  SCV  
  32  3:33  SCV  
  34  3:34  Marine x2  
  34  3:38  Barracks Tech Lab  
  36  3:44  SCV  
  36  3:45  SCV  
  36  3:47  Refinery  
  38  3:49  Refinery  
  38  3:56  SCV  
  38  3:57  SCV  
  30  4:15  SCV x2  
  32  4:19  Medivac x2  
  32  4:20  Factory Reactor  
  36  4:25  Marine  
  36  4:26  Marine x2  
  36  4:27  SCV x2  
  41  4:39  SCV x2  
  41  4:43  Marine x2  
  41  4:44  Marine  
  46  4:50  Supply Depot  
  46  4:51  SCV x2  
  46  4:52  Supply Depot  
Show
View Real Time Build Order
Export as new Build Order

wabbajack Zerg - Winner!

Build Orders: Hatch First 

Get SALT Encoding   

  12  0:06  Drone  
  13  0:14  Overlord  
  13  0:19  Drone  
  14  0:23  Drone, Extractor  
  15  0:33  Drone  
  16  0:39  Drone  
  17  0:49  Drone  
  18  0:57  Hatchery  
  18  1:00  Extractor  
  18  1:02  Drone  
  17  1:22  Spawning Pool  
  17  1:24  Drone x2  
  18  1:35  Drone  
  18  1:36  Extractor  
  18  1:43  Drone  
  19  2:03  Drone  
  19  2:07  Drone  
  21  2:08  Queen  
  21  2:14  Pneumatized Carapace  
  23  2:21  Drone x2  
  25  2:24  Zergling x2  
  25  2:26  Zergling x2  
  27  2:39  Baneling Nest  
  26  2:57  Queen  
  26  2:58  Overlord x2  
  28  3:13  Hatchery  
  28  3:18  Zergling x8  
  28  3:19  Zergling x2  
  32  3:22  Zergling x2  
  33  3:29  Baneling  
  33  3:30  Baneling x3  
  33  3:56  Drone x3  
  33  3:57  Drone x3  
  37  4:23  Baneling x3  
  37  4:24  Baneling  
  37  4:30  Overlord  
  37  4:35  Evolution Chamber, Roach Warren, Drone  
  37  4:36  Drone x5  
Tags
 
Add a new tag
Caveats
  • Supply blocks, unpowered buildings, or Contaminate may cause inaccurate times.
  • Supply counts are checked every 10 seconds.